Construct Section Command Post
Construct Field Infirmary
Construct Platoon Command Post
6-pounder Anti-tank Gun Team
6-pounder Anti-tank Gun Team
Selects Air and Sea Battlegroup
Construct Company Command Post
Selects Commando Section Paradrop
Selects M1 Pack Howitzer Paradrop
M1 Pack Howitzer Paradrop
Selects Anti-tank Rocket Loiter
Commando Section Paradrop
Unlock M3 Grant Medium Tanks